 Dungeon Crawl Stone Soup version 0.31-a0-133-gaae73658be (webtiles) character file.

Game seed: 13206135673977358224

6 IdlyInterested the Shield-Bearer (level 1, -1/14 HPs)
             Began as a Demonspawn Wanderer on June 2, 2023.
             Slain by a quokka (3 damage)
             ... on level 1 of the Dungeon.
             The game lasted 00:01:01 (170 turns).

IdlyInterested the Shield-Bearer (DsWn)              Turns: 170, Time: 00:01:02

Health: -1/14      AC:  2    Str:  8    XL:     1   Next: 75%
Magic:  2/2        EV: 10    Int: 14    God:
Gold:   10         SH:  5    Dex: 15    Spells: 1/2 levels left

rFire   . . .        a - +2 dagger
rCold   . . .        c - +0 buckler
rNeg    . . .        e - +0 robe
rPois   .            (no helmet)
rElec   .            (no cloak)
rCorr   .            (no gloves)
SInv    .            (no boots)
Will    .....        (no amulet)
Stlth   +            (no ring)
HPRegen 0.22/turn    (no ring)
MPRegen 0.08/turn

%: no passive effects
@: no status effects
A: no striking features
a: no special abilities


You were on level 1 of the Dungeon.
You visited 1 branch of the dungeon, and saw 1 of its levels.

You collected 10 gold pieces.

Inventory:

Hand Weapons
 a - a +2 dagger (weapon)
 i - a +0 short sword
Missiles
 b - 3 curare-tipped darts
 g - 5 stones (quivered)
Armour
 c - a +0 buckler (worn)
 e - a +0 robe (worn)
Scrolls
 d - a scroll of vulnerability
 f - a scroll of identify {unknown}
 h - a scroll of silence {unknown}


   Skills:
 * Level 0.9 Fighting
 + Level 2.8 Throwing
 + Level 0.3 Armour
 - Level 3.6 Shields
 - Level 1.0 Spellcasting
 - Level 1.0 Hexes
 - Level 1.2 Invocations


You had one spell level left.
You knew the following spells:

 Your Spells              Type           Power      Damage    Failure   Level
a - Slow                  Hex            12%        N/A       26%         1

Your spell library contained the following spells:

 Spells                   Type           Power      Damage    Failure   Level
 Dazzling Flash           Conj/Hex       4%         N/A       67%         3
 Summon Guardian Golem    Hex/Summ       2%         N/A       67%         3
 Agony                    Necr           0%         N/A       100%        5
 Silence                  Hex/Air        1%         N/A       100%        5


Dungeon Overview and Level Annotations

Branches:
Dungeon (1/15)

Altars:


Message History

You see here a quokka corpse.
A bat comes into view.
The bat barely misses you. The bat barely misses you.
You block the bat's attack.
You hit the bat.
The bat is moderately wounded.
The bat completely misses you. The bat closely misses you.
The bat hits you but does no damage.
You hit the bat.
You kill the bat!
You see here a bat corpse.
A quokka comes into view.
You see here a book of the Senses.
You pick up a book of the Senses and begin reading...
You add the spells Dazzling Flash, Agony and Silence to your library.
The quokka bites you.
You see here 18 gold pieces.
You barely miss the quokka. The quokka bites you.
You closely miss the quokka. The quokka bites you.
You miss the quokka. The quokka barely misses you. The quokka bites you.
You hit the quokka.
The quokka is heavily wounded.
The quokka bites you.
* * * LOW HITPOINT WARNING * * *
You barely miss the quokka.
The quokka is heavily wounded.
The quokka bites you.
* * * LOW HITPOINT WARNING * * *
You barely miss the quokka.
The quokka is heavily wounded.
The quokka closely misses you.
You closely miss the quokka.
The quokka is heavily wounded.
The quokka bites you.
* * * LOW HITPOINT WARNING * * *
The quokka completely misses you.
You barely miss the quokka.
The quokka is heavily wounded.
The quokka bites you.
You die...

#####
#.##...........####
.....##..............
#...#...............
#..............
#.#.#.........
#.##......... ##
#.......## #.........
#.@r....## ##.#.#..#
#.#....# #.###..# #.#
..# ... ... #.# ..
#.#


You could see a quokka.

Vanquished Creatures
  A bat (D:1)
  2 kobolds (D:1)
  A quokka (D:1)
  A ball python (D:1)
5 creatures vanquished.

Notes
Turn   | Place    | Note
-------+----------+-------------------------------------------
     0 | D:1      | IdlyInterested the Demonspawn Wanderer began the quest for
                  | the Orb.
     0 | D:1      | IdlyInterested set off with the following items: a +2
                  | dagger, 3 curare-tipped darts, a +0 buckler, a scroll of
                  | vulnerability, a +0 robe; and the following spell
                  | memorised: Slow; and the following spells available to
                  | memorise: Summon Guardian Golem.
     0 | D:1      | Reached XP level 1. HP: 13/13 MP: 2/2
   170 | D:1      | Slain by a quokka

Illustrated notes

Levels and vault maps discovered:
D:1:      wander_arrival_estate, layout_loops_ring,
          shapermc_ecumenical_altar_totnotflames

Action                     || total
---------------------------++-------
  Melee: Dagger            ||    22
 Armour: Robe              ||     3
  Dodge: Dodged            ||    15
  Block: Buckler           ||     2

Table legend: (Time is in decaauts)
 A = Elapsed time spent in this place.
 B = Non-inter-level travel time spent in this place.
 C = Inter-level travel time spent in this place.
 D = Time resting spent in this place.
 E = Time spent auto-exploring this place.
 F = Levels seen in this place.
 G = Mean time per level.
                   A        B        C        D        E       F      G
               +--------+--------+--------+--------+--------+-----+--------+
         Total |    171 |    171 |      0 |      3 |     82 |   1 |  171.0 |
       Dungeon |    171 |    171 |      0 |      3 |     82 |   1 |  171.0 |
               +--------+--------+--------+--------+--------+-----+--------+

Top non-repeatable levels by time:
     D:1: 171 daAuts
